[Event "Titled Tuesday Blitz November 14 Early 2023"]
[White "VOneChess"]
[Black "FREDERICKtheMATE"]
[WhiteElo "2328"]
[BlackElo "2563"]
[Result "0-1"]
[Round "3"]
[TimeControl "180+1"]
[Date "2023.11.14"]
[WhiteClock "0:00:06"]
[BlackClock "0:01:24"]
[Board "151"]

1. e4 c5 2. Nf3 Nc6 3. d4 cxd4 4. Nxd4 Nf6 5. Nc3 e5 6. Ndb5 d6 7. Bg5 a6 8. Na3 b5 9. Nd5 Be7 10. Bxf6 Bxf6 11. c3 O-O 12. Nc2 Rb8 13. Bd3 Be6 14. Nce3 g6 15. h4 Bxh4 16. Nf5 Bg5 17. Nh6+ Kg7 18. Ng4 f5 19. Nge3 f4 20. Ng4 h5 21. Nh2 Ne7 22. Nf3 Bh6 23. Nxe7 Qxe7 24. Nh4 Bf7 25. Qe2 Bg5 26. g3 fxg3 27. fxg3 Be8 28. Kd1 Rf6 29. Kc2 Bd7 30. Raf1 Bg4 31. Qe1 Rbf8 32. Rxf6 Qxf6 33. Rh2 Qe6 34. Kb1 Qf6 35. Bc2 Qf1 36. Rh1 Qxe1+ 37. Rxe1 Rf2 38. Rg1 Bxh4 39. gxh4 Rh2 40. Bd1 Rxh4 41. Bxg4 Rxg4 42. Rd1 h4 43. Rxd6 Rg1+ 44. Kc2 h3 45. Rd7+ Kh6 46. Rd3 Rg2+ 47. Kb3 h2 48. Rh3+ Kg5 49. c4 bxc4+ 50. Kxc4 Rxb2 51. Kd5 Kf4 52. Rh4+ Kg3 53. Rh8 Rb1 54. Kxe5 h1=Q 55. Rxh1 Rxh1 56. Kf6 Re1 57. e5 Kf4 58. e6 g5 59. e7 g4 60. Kf7 g3 61. e8=Q Rxe8 62. Kxe8 g2 63. Kd7 g1=Q 64. Kc6 Qb1 65. a4 Qb4 66. Kc7 Qxa4 67. Kb7 Qb5+ 68. Ka7 Ke5 69. Ka8 Kd6 70. Ka7 Kc7 71. Ka8 Qb7# 0-1


[Site "https://www.chess.com"]

[Event "Titled Tuesday Blitz November 14 Early 2023"]
[White "Ardila, Oscar Humberto"]
[Black "Derjabin, Ilja"]
[WhiteFideId "4404742"]
[BlackFideId "14104768"]
[WhiteElo "2319"]
[BlackElo "2562"]
[Result "0-1"]
[Round "3"]
[TimeControl "180+1"]
[Date "2023.11.14"]
[WhiteClock "0:00:00"]
[BlackClock "0:00:27"]
[Board "152"]

1. d4 Nf6 2. c4 c5 3. d5 b5 4. cxb5 a6 5. bxa6 Bxa6 6. Nc3 d6 7. e4 Bxf1 8. Kxf1 g6 9. Nf3 Qc8 10. h3 Qa6+ 11. Qe2 Bg7 12. a4 O-O 13. Bf4 Nbd7 14. Qxa6 Rxa6 15. Ke2 Rb8 16. Ra2 Rb4 17. Kd3 c4+ 18. Kc2 Nc5 19. Bd2 Rb7 20. Re1 e6 21. dxe6 fxe6 22. e5 dxe5 23. Nxe5 Nd5 24. Nxd5 exd5 25. Bc3 Rxa4 26. Rxa4 Nxa4 27. f4 Nxc3 28. bxc3 Ra7 29. Kb2 Re7 30. Kc2 Bxe5 31. fxe5 Kf7 32. Kd2 Ke6 33. Re2 Rf7 34. Ke3 Kxe5 35. Ra2 Rb7 36. Ra8 Rb2 37. Re8+ Kd6 38. g3 Rg2 39. Kf3 Rd2 40. Re3 Rc2 41. Kf4 Kc5 42. Ke5 Rd2 43. h4 Rd3 44. Re2 Rxc3 45. g4 Rd3 46. g5 c3 47. h5 gxh5 48. Kf6 Rd2 49. Re3 d4 50. Re7 c2 51. Rxh7 Kd6 0-1


[Site "https://www.chess.com"]

[Event "Titled Tuesday Blitz November 14 Early 2023"]
[White "Ozates, Tuna"]
[Black "rikchessmx"]
[WhiteFideId "6354521"]
[WhiteElo "2562"]
[BlackElo "2328"]
[Result "1-0"]
[Round "3"]
[TimeControl "180+1"]
[Date "2023.11.14"]
[WhiteClock "0:00:33"]
[BlackClock "0:00:36"]
[Board "153"]

1. e4 e5 2. Nc3 Nc6 3. g3 Bc5 4. Bg2 d6 5. Nge2 h5 6. h3 h4 7. g4 f6 8. d3 Be6 9. f4 Nge7 10. Nd5 Qd7 11. f5 Bf7 12. c3 a6 13. b4 Ba7 14. a4 Nxd5 15. exd5 Ne7 16. c4 a5 17. bxa5 Bc5 18. Bd2 g6 19. fxg6 Bxg6 20. Bc3 f5 21. d4 exd4 22. Nxd4 O-O-O 23. Ne6 Rde8 24. Bxh8 Nxd5 25. cxd5 Rxh8 26. Qb3 fxg4 27. hxg4 Qe7 28. a6 bxa6 29. Bf1 Qf6 30. Bxa6+ Kd7 31. Bb5+ Ke7 32. O-O-O Rb8 33. Nxc5 Qf4+ 34. Kb2 dxc5 35. Rde1+ Kd8 36. Rhf1 Qh2+ 37. Re2 Qd6 38. Qc3 c6 39. dxc6 Kc7 40. Qa5+ Rb6 41. Qa7+ 1-0


[Site "https://www.chess.com"]

[Event "Titled Tuesday Blitz November 14 Early 2023"]
[White "Andrej2004"]
[Black "Bobomurodova, Maftuna"]
[BlackFideId "14207400"]
[WhiteElo "2555"]
[BlackElo "2319"]
[Result "0-1"]
[Round "3"]
[TimeControl "180+1"]
[Date "2023.11.14"]
[WhiteClock "0:00:20"]
[BlackClock "0:00:21"]
[Board "154"]

1. Nf3 Nf6 2. b3 d5 3. Bb2 e6 4. g3 b6 5. Bg2 Bb7 6. O-O Be7 7. d4 O-O 8. Ne5 c5 9. c4 Nc6 10. dxc5 Nxe5 11. Bxe5 Bxc5 12. Nc3 Qe7 13. Bxf6 Qxf6 14. Qc2 Bd4 15. Rac1 Rac8 16. e3 Bxc3 17. Qxc3 Qxc3 18. Rxc3 Ba6 19. Rfc1 dxc4 20. Bf1 Rc5 21. bxc4 Rfc8 22. f4 Kf8 23. Ra3 Bxc4 24. Rxa7 Bd5 25. Rb1 Rc1 26. Rxc1 Rxc1 27. Kf2 Rc2+ 28. Ke1 Rxa2 29. Rxa2 Bxa2 30. Kd2 Ke7 31. Kc3 Bd5 32. Kd4 Bc6 33. e4 Kd6 34. e5+ Kc7 35. Kc4 Kb7 36. Kb4 Bf3 37. Bd3 h6 38. h4 Kc6 39. Bb5+ Kd5 40. Be8 f6 41. exf6 gxf6 42. Kb5 Ke4 43. Kxb6 Bg4 44. Bc6+ Ke3 45. Kc7 Kf2 46. Kd6 Kxg3 47. Ke7 Kxf4 48. Kxf6 e5 49. h5 Bxh5 50. Kg7 Kg5 51. Be4 Bg4 52. Bd3 h5 53. Be4 h4 0-1


[Site "https://www.chess.com"]

[Event "Titled Tuesday Blitz November 14 Early 2023"]
[White "Bilan, Danila"]
[Black "Pumpkin_in_moonlight"]
[WhiteFideId "24161918"]
[WhiteElo "2555"]
[BlackElo "2316"]
[Result "1-0"]
[Round "3"]
[TimeControl "180+1"]
[Date "2023.11.14"]
[WhiteClock "0:00:06"]
[BlackClock "0:00:02"]
[Board "155"]

1. d4 d5 2. Nf3 Nf6 3. c4 e6 4. Nc3 Bb4 5. Qb3 Nc6 6. Bg5 O-O 7. e3 Re8 8. Ne5 h6 9. Nxc6 Bxc3+ 10. bxc3 bxc6 11. Bf4 Ba6 12. Qa4 Bxc4 13. Bxc4 dxc4 14. Qxc4 Qd5 15. Qxd5 Nxd5 16. Bg3 Nxc3 17. Bxc7 Rec8 18. Ba5 Nd5 19. e4 Nf6 20. f3 c5 21. Bc3 cxd4 22. Bxd4 Rc4 23. Be3 a5 24. O-O a4 25. Rfc1 Rac8 26. Rxc4 Rxc4 27. Rc1 Rb4 28. Rc2 Nd7 29. Kf2 e5 30. Ke2 f6 31. Bd2 Rd4 32. Bc3 Rc4 33. Kd3 Rc6 34. Bd2 Rd6+ 35. Kc4 Rc6+ 36. Kd3 Rd6+ 37. Ke2 Kf7 38. Rc7 Ke6 39. Ra7 Rd4 40. Ra6+ Kf7 41. Bc3 Rc4 42. Kd3 Rc7 43. Bb4 Nc5+ 44. Bxc5 Rxc5 45. Ra7+ Kg6 46. Rxa4 Rc1 47. Rc4 Ra1 48. Rc2 Rh1 49. h3 Ra1 50. Kc4 h5 51. Kb5 Kg5 52. a4 g6 53. a5 f5 54. a6 fxe4 55. fxe4 Kf4 56. Re2 Rb1+ 57. Kc6 Rc1+ 58. Kb7 Rb1+ 59. Ka7 Ra1 60. Kb8 Rb1+ 61. Ka8 Ra1 62. Ka7 Kg3 63. Rb2 g5 64. Kb7 g4 65. hxg4 hxg4 66. a7 Kf4 67. Rb4 Ra2 68. a8=Q Rxa8 69. Kxa8 Kg3 70. Rb5 Kxg2 71. Rxe5 Kf3 72. Rg5 Kf4 73. Rg8 Kf3 74. e5 1-0


[Site "https://www.chess.com"]

[Event "Titled Tuesday Blitz November 14 Early 2023"]
[White "Osmonbekov, Talaibek"]
[Black "LouieKov2022"]
[WhiteFideId "2017253"]
[WhiteElo "2311"]
[BlackElo "2555"]
[Result "1-0"]
[Round "3"]
[TimeControl "180+1"]
[Date "2023.11.14"]
[WhiteClock "0:01:14"]
[BlackClock "0:01:51"]
[Board "156"]

1. d4 d5 2. Nc3 Nf6 3. Bf4 Bf5 4. Nb5 Na6 5. e3 e6 6. a3 c6 7. Nc3 Nc7 8. Nf3 Bd6 9. Ne5 O-O 10. g4 Bg6 11. h4 h5 12. g5 Bxe5 13. Bxe5 Ne4 14. Nxe4 Bxe4 15. Rg1 g6 16. Be2 Ne8 17. Bxh5 gxh5 18. Qxh5 Bh7 19. g6 fxg6 20. Rxg6+ Kf7 21. Rg7# 1-0


[Site "https://www.chess.com"]

[Event "Titled Tuesday Blitz November 14 Early 2023"]
[White "Lund, Gunnar"]
[Black "Ruge, Edison"]
[WhiteFideId "1520814"]
[BlackFideId "4401000"]
[WhiteElo "2553"]
[BlackElo "2312"]
[Result "1-0"]
[Round "3"]
[TimeControl "180+1"]
[Date "2023.11.14"]
[WhiteClock "0:00:57"]
[BlackClock "0:00:00"]
[Board "157"]

1. d4 d5 2. c4 e5 3. dxe5 dxc4 4. Qxd8+ Kxd8 5. Nc3 Be6 6. e4 c6 7. a4 Na6 8. Be3 Nb4 9. O-O-O+ Kc7 10. Nf3 Rd8 11. Rxd8 Kxd8 12. Ng5 Nd3+ 13. Bxd3 cxd3 14. Nxe6+ fxe6 15. Rd1 Kc7 16. Rxd3 b6 17. f4 Bb4 18. g4 Bxc3 19. Rxc3 Ne7 20. f5 Rf8 21. Bg5 Nc8 22. Rd3 exf5 23. exf5 Re8 24. e6 c5 25. Rd7+ Kc6 26. Rxg7 Nd6 27. Bf4 Ne4 28. Rxa7 Nf2 29. h3 Nd3+ 30. Kd2 Nxf4 31. Rxh7 Kd5 32. Ke3 Ke5 33. Kf3 c4 34. Rb7 Nxh3 35. Rxb6 Ng5+ 36. Ke3 Rd8 37. Rb5+ Kf6 38. Kf4 Rd4+ 39. Ke3 Rxg4 40. a5 Rg3+ 41. Ke2 Rg2+ 42. Ke3 Rg3+ 43. Kd4 Rg4+ 44. Kd5 1-0


[Site "https://www.chess.com"]

[Event "Titled Tuesday Blitz November 14 Early 2023"]
[White "Spichkin, Alexander"]
[Black "Brunner, Nicolas"]
[WhiteFideId "4144074"]
[BlackFideId "620246"]
[WhiteElo "2305"]
[BlackElo "2552"]
[Result "0-1"]
[Round "3"]
[TimeControl "180+1"]
[Date "2023.11.14"]
[WhiteClock "0:00:46"]
[BlackClock "0:00:52"]
[Board "158"]

1. f4 e5 2. e4 exf4 3. Nf3 Ne7 4. d4 d5 5. Bxf4 dxe4 6. Nc3 exf3 7. Qxf3 Ng6 8. Bc4 Be6 9. Bxe6 fxe6 10. O-O-O Bd6 11. Be5 Nd7 12. Bxg7 Rg8 13. Bh6 Qh4 14. Be3 O-O-O 15. Nb5 a6 16. Nxd6+ cxd6 17. Rd3 Rdf8 18. Rc3+ Kb8 19. Qe2 Nf4 20. Qc4 Nd5 21. Rb3 N7b6 22. Qd3 Rxg2 23. Re1 Qxe1+ 0-1


[Site "https://www.chess.com"]

[Event "Titled Tuesday Blitz November 14 Early 2023"]
[White "Arngrimsson, Dagur"]
[Black "Kraus, Tomas"]
[WhiteFideId "2301288"]
[BlackFideId "331708"]
[WhiteElo "2550"]
[BlackElo "2303"]
[Result "0-1"]
[Round "3"]
[TimeControl "180+1"]
[Date "2023.11.14"]
[WhiteClock "0:00:20"]
[BlackClock "0:00:38"]
[Board "159"]

1. e4 e6 2. b3 d5 3. Bb2 dxe4 4. Nc3 Nf6 5. Qe2 Be7 6. O-O-O O-O 7. Nxe4 a5 8. a4 Nc6 9. Nf3 Nxe4 10. Qxe4 Bf6 11. d4 Qd5 12. Bd3 Qxe4 13. Bxe4 Rd8 14. Rhe1 Ne7 15. Kb1 Rb8 16. h4 g6 17. g3 Bd7 18. Bd3 Bc6 19. Ne5 Bxe5 20. dxe5 Nd5 21. h5 Nb4 22. Bc4 Bd5 23. Be2 Be4 24. Rc1 Rd2 25. Bd1 Bc6 26. Bc3 Rxf2 27. Bxb4 axb4 28. hxg6 hxg6 29. Be2 Kg7 30. Rcd1 Bd5 31. Rd4 c5 32. Rf4 Rxf4 33. gxf4 Rh8 34. f5 gxf5 35. Rg1+ Kf8 36. Bd3 Rh2 37. a5 Rh3 38. Kb2 Rh1 39. Rg3 Re1 40. Rh3 Rxe5 41. Rh8+ Ke7 42. Rb8 f4 43. Bc4 Bc6 44. Bd3 f3 45. Bb5 Bxb5 46. Rxb7+ Bd7 47. a6 c4 48. bxc4 Ra5 49. a7 f2 50. c5 f1=Q 51. c6 Qa1+ 52. Kb3 Qc3# 0-1


[Site "https://www.chess.com"]

[Event "Titled Tuesday Blitz November 14 Early 2023"]
[White "Santos Flores, Alberto"]
[Black "alfianasybullina"]
[WhiteFideId "3601234"]
[WhiteElo "2547"]
[BlackElo "2274"]
[Result "1-0"]
[Round "3"]
[TimeControl "180+1"]
[Date "2023.11.14"]
[WhiteClock "0:00:12"]
[BlackClock "0:00:31"]
[Board "160"]

1. e4 c6 2. c4 d5 3. exd5 cxd5 4. cxd5 Nf6 5. Qa4+ Nbd7 6. Bc4 g6 7. Nc3 Bg7 8. Nf3 O-O 9. d3 a6 10. Qa3 Nb6 11. Qb3 Nxc4 12. dxc4 b5 13. cxb5 axb5 14. O-O b4 15. Qxb4 Nxd5 16. Nxd5 Qxd5 17. Qxe7 Rxa2 18. Rxa2 Qxa2 19. Qa3 Qd5 20. Bf4 Bb7 21. b4 h6 22. Bg3 Rc8 23. Re1 Rc3 24. Qa7 Rxf3 25. gxf3 Qxf3 26. Kf1 Bc3 27. Qb8+ Kh7 28. Rc1 Bxb4 29. Be5 Qg2+ 30. Ke2 Ba6+ 31. Ke3 Qh3+ 32. f3 g5 33. Qh8+ Kg6 34. Rc6+ Kh5 35. Rxh6# 1-0


[Site "https://www.chess.com"]

[Event "Titled Tuesday Blitz November 14 Early 2023"]
[White "Senft, Sean"]
[Black "RodokininEV"]
[WhiteFideId "2044960"]
[WhiteElo "2285"]
[BlackElo "2546"]
[Result "1-0"]
[Round "3"]
[TimeControl "180+1"]
[Date "2023.11.14"]
[WhiteClock "0:02:32"]
[BlackClock "0:01:14"]
[Board "161"]

1. d4 Nf6 2. c4 g6 3. Nc3 Bg7 4. e4 d6 5. f4 O-O 6. Nf3 c5 7. d5 Bg4 8. Bd3 e6 9. O-O exd5 10. exd5 Na6 11. h3 Bxf3 12. Qxf3 Nc7 13. f5 Nd7 14. Bf4 Ne5 15. Bxe5 Bxe5 16. f6 Ne8 17. Ne4 Bxb2 18. Rab1 Bd4+ 19. Kh1 b6 20. Qf4 Kh8 21. Qh6 Nxf6 22. Ng5 1-0


[Site "https://www.chess.com"]

[Event "Titled Tuesday Blitz November 14 Early 2023"]
[White "Lopez Martinez, Josep Manuel"]
[Black "Liu, Leonardo"]
[WhiteFideId "2212943"]
[BlackFideId "30965780"]
[WhiteElo "2545"]
[BlackElo "2255"]
[Result "0-1"]
[Round "3"]
[TimeControl "180+1"]
[Date "2023.11.14"]
[WhiteClock "0:00:00"]
[BlackClock "0:01:08"]
[Board "162"]

1. e4 c5 2. Nf3 g5 3. Nxg5 d6 4. d4 cxd4 5. Qxd4 e5 6. Qe3 Bh6 7. Qg3 f6 8. Ne6 Bxe6 9. Bxh6 Nxh6 10. Qg7 Nf7 11. Nc3 Nd7 12. O-O-O Qe7 13. Nb5 O-O-O 14. Nxa7+ Kb8 15. Qg3 Kxa7 16. Rd3 Nc5 17. Ra3+ Kb8 18. Qe3 d5 19. exd5 Bxd5 20. b4 Na6 21. Bxa6 bxa6 22. Rxa6 Rd6 23. Ra5 Rc8 24. Rd1 Qb7 25. Qa3 Be4 26. Rc5 Rxd1+ 27. Kxd1 Rxc5 28. bxc5 Qd5+ 29. Kc1 Qb7 30. Qa5 Qc7 31. Qb5+ Bb7 32. a4 Nd8 33. a5 Ka7 0-1


[Site "https://www.chess.com"]

[Event "Titled Tuesday Blitz November 14 Early 2023"]
[White "ilya2700"]
[Black "LeoLV10"]
[WhiteElo "2253"]
[BlackElo "2544"]
[Result "1-0"]
[Round "3"]
[TimeControl "180+1"]
[Date "2023.11.14"]
[WhiteClock "0:02:37"]
[BlackClock "0:02:03"]
[Board "163"]

1. e4 c6 2. d4 d5 3. exd5 cxd5 4. Bd3 Nc6 5. c3 Nf6 6. Nf3 Bg4 7. Bf4 e6 8. Nbd2 Bd6 9. Bxd6 Qxd6 10. O-O O-O 11. Re1 Bh5 12. Qc2 Rfc8 13. a3 Rab8 14. Re3 Bg6 15. Bxg6 hxg6 16. Qd3 b6 17. Ne5 b5 18. Rae1 a5 19. Rh3 Ne7 20. Rh8+ Kxh8 21. Nxf7+ 1-0


[Site "https://www.chess.com"]

[Event "Titled Tuesday Blitz November 14 Early 2023"]
[White "Estevez Polanco, Leonardo Rafael"]
[Black "Taboas Rodriguez, Daniel"]
[WhiteFideId "6402798"]
[BlackFideId "2208466"]
[WhiteElo "2238"]
[BlackElo "2544"]
[Result "0-1"]
[Round "3"]
[TimeControl "180+1"]
[Date "2023.11.14"]
[WhiteClock "0:01:32"]
[BlackClock "0:01:05"]
[Board "164"]

1. e4 e5 2. Nf3 Nc6 3. Bc4 Bc5 4. Nc3 Nf6 5. d3 d6 6. Ne2 Na5 7. Bb5+ c6 8. Ba4 b5 9. Bb3 Bb6 10. O-O O-O 11. Ng3 h6 12. Qe2 Re8 13. Be3 Bd7 14. c3 Nxb3 15. axb3 a5 16. Bxb6 Qxb6 17. Nh4 Bg4 18. Qd2 Kh7 19. Nhf5 d5 20. h3 Bxf5 21. Nxf5 dxe4 22. dxe4 Rad8 23. Qc2 Rd7 24. Rad1 Red8 25. Rxd7 Rxd7 26. g4 Qd8 27. Qc1 Rd2 28. g5 hxg5 29. Ng3 Qd3 30. Qa1 Nxe4 0-1


[Site "https://www.chess.com"]

[Event "Titled Tuesday Blitz November 14 Early 2023"]
[White "Leyva Proenza, Richard"]
[Black "Skibbe, Willi"]
[WhiteFideId "3500985"]
[BlackFideId "4682190"]
[WhiteElo "2543"]
[BlackElo "2234"]
[Result "0-1"]
[Round "3"]
[TimeControl "180+1"]
[Date "2023.11.14"]
[WhiteClock "0:00:00"]
[BlackClock "0:00:06"]
[Board "165"]

1. e4 e6 2. d4 d5 3. Nc3 Nf6 4. Bg5 dxe4 5. Nxe4 Be7 6. Bxf6 gxf6 7. Qd3 b6 8. O-O-O Bb7 9. Nc3 c6 10. f4 f5 11. Nf3 Nd7 12. h3 Qc7 13. Ne5 Nxe5 14. dxe5 Rd8 15. Qg3 Kf8 16. Rxd8+ Qxd8 17. Bd3 h5 18. h4 Rg8 19. Qf2 c5 20. Rh2 Qd4 21. Qf1 Qe3+ 22. Kb1 Qg3 23. Qg1 Qxf4 24. Be2 Bxh4 25. Bxh5 Bf2 26. Qh1 Bd4 27. Ne2 Qxe5 28. Nxd4 Qxd4 29. a3 Qf2 30. Bxf7 Rxg2 31. Rh8+ Ke7 32. Re8+ Kxf7 33. Qh5+ Kf6 34. Qh8+ Kg5 0-1


[Site "https://www.chess.com"]

[Event "Titled Tuesday Blitz November 14 Early 2023"]
[White "Mishra, Manoj"]
[Black "ChainedDowntohell"]
[WhiteFideId "5006007"]
[WhiteElo "2204"]
[BlackElo "2541"]
[Result "0-1"]
[Round "3"]
[TimeControl "180+1"]
[Date "2023.11.14"]
[WhiteClock "0:00:09"]
[BlackClock "0:00:28"]
[Board "166"]

1. d4 Nf6 2. Nc3 e6 3. Bf4 d5 4. e3 a6 5. Nf3 b5 6. Ne5 Bb7 7. Bd3 c5 8. a3 Nc6 9. O-O Bd6 10. Nxc6 Bxc6 11. dxc5 Bxf4 12. exf4 d4 13. Ne2 Qd5 14. f3 Qxc5 15. Kh1 O-O 16. Nxd4 Bb7 17. b4 Qc7 18. Nb3 Qxf4 19. Nc5 Bc6 20. Qc1 Qh4 21. Qe1 Qh5 22. Rd1 Kh8 23. Ne4 Nd5 24. c4 Nf4 25. Ng3 Qh4 26. Be4 Bxe4 27. Qxe4 bxc4 28. Qxc4 Nxg2 29. Rd4 Qh3 30. Qe2 Nh4 31. Rfd1 Rac8 32. Qxa6 Qg2# 0-1


[Site "https://www.chess.com"]

[Event "Titled Tuesday Blitz November 14 Early 2023"]
[White "missponyo10"]
[Black "Grunberg, Mihai-Lucian"]
[BlackFideId "1204149"]
[WhiteElo "2153"]
[BlackElo "2540"]
[Result "0-1"]
[Round "3"]
[TimeControl "180+1"]
[Date "2023.11.14"]
[WhiteClock "0:00:05"]
[BlackClock "0:00:40"]
[Board "167"]

1. e4 c5 2. Nf3 Nc6 3. d3 d5 4. Nbd2 Nf6 5. g3 dxe4 6. dxe4 g6 7. Bg2 Bg7 8. O-O O-O 9. c3 b6 10. Qc2 Ba6 11. Re1 Bd3 12. Qd1 c4 13. Bf1 b5 14. Bxd3 Qxd3 15. Qe2 Rfd8 16. Qxd3 Rxd3 17. Kg2 Rad8 18. Nf1 Ng4 19. Bf4 a5 20. h3 Nge5 21. Bxe5 Nxe5 22. Nxe5 Bxe5 23. Re2 b4 24. cxb4 axb4 25. Rc1 c3 26. bxc3 bxc3 27. Rec2 g5 28. Ne3 e6 29. Nc4 Bd4 30. Na3 Rb8 31. Nb1 Rb2 32. Rxb2 cxb2 33. Re1 Kg7 34. Kf1 Rf3 35. Re2 h5 36. Rd2 e5 37. Kg2 g4 38. hxg4 hxg4 39. Rc2 Rd3 40. Rd2 Rf3 41. Rc2 Kf6 42. a4 Ke6 43. a5 Rb3 44. a6 Rb6 45. a7 Ra6 46. Rc6+ Rxc6 47. a8=Q Rc2 48. Qd5+ Kf6 49. Qd6+ Kg7 50. Qd7 Rxf2+ 51. Kh1 Rc2 52. Qxg4+ Kf8 53. Qg5 Ke8 54. Qg8+ Ke7 55. Qa8 Rc1+ 56. Kg2 Rxb1 57. Qb7+ Kf6 58. Qc6+ Kg7 59. Qd6 Rg1+ 60. Kh3 b1=Q 61. Qe7 Rh1+ 62. Kg4 Qxe4+ 63. Kg5 Be3# 0-1


[Site "https://www.chess.com"]

[Event "Titled Tuesday Blitz November 14 Early 2023"]
[White "Kochiev, Ivan"]
[Black "Hartikainen, Jarmo"]
[WhiteFideId "2917890"]
[BlackFideId "503134"]
[WhiteElo "2537"]
[BlackElo "2164"]
[Result "1-0"]
[Round "3"]
[TimeControl "180+1"]
[Date "2023.11.14"]
[WhiteClock "0:00:50"]
[BlackClock "0:00:22"]
[Board "168"]

1. e4 e5 2. Nf3 Nf6 3. Nxe5 d6 4. Nf3 Nxe4 5. d4 d5 6. Bd3 Bg4 7. O-O Be7 8. c4 Nc6 9. cxd5 Qxd5 10. Nc3 Nxc3 11. bxc3 Bxf3 12. gxf3 O-O 13. Rb1 Rab8 14. Re1 Bf6 15. Bf4 Rfe8 16. Rxe8+ Rxe8 17. Rxb7 Nxd4 18. Be4 Nxf3+ 19. Qxf3 Qxa2 20. Rxc7 Qa1+ 21. Kg2 Bxc3 22. Bxh7+ Kxh7 23. Qh5+ Kg8 24. Qxf7+ Kh7 25. Qxe8 1-0


[Site "https://www.chess.com"]

[Event "Titled Tuesday Blitz November 14 Early 2023"]
[White "dumbernugget"]
[Black "Kiremitciyan, Ari"]
[BlackFideId "6373445"]
[WhiteElo "1706"]
[BlackElo "2533"]
[Result "1/2-1/2"]
[Round "3"]
[TimeControl "180+1"]
[Date "2023.11.14"]
[WhiteClock "0:00:07"]
[BlackClock "0:00:12"]
[Board "169"]

1. d4 g6 2. c4 Bg7 3. Nc3 d6 4. e4 Nc6 5. Nf3 Bg4 6. Be3 Bxf3 7. gxf3 e5 8. d5 Nd4 9. Bxd4 exd4 10. Nb5 c5 11. dxc6 bxc6 12. Nxd4 Qa5+ 13. Ke2 Qc5 14. Nb3 Qxc4+ 15. Ke3 Qb4 16. Qc2 Qb6+ 17. Ke2 Ne7 18. Rd1 Rd8 19. Bh3 O-O 20. Rhe1 d5 21. Kf1 Qc7 22. Kg1 Be5 23. exd5 Nxd5 24. Nd4 Bxh2+ 25. Kh1 Nb4 26. Qc3 c5 27. Nb3 Nxa2 28. Qxc5 Qb8 29. Rxd8 Rxd8 30. Qa5 Nb4 31. Nc5 Bc7 32. Qa3 a5 33. Nd7 Qb7 34. Qc3 Nd5 35. Qd4 Bb6 36. Nf6+ Nxf6 37. Qxf6 Rf8 38. Re7 Bd8 39. Rxb7 Bxf6 40. Ra7 Rb8 41. Rxa5 Rxb2 42. Ra8+ Kg7 43. Ra7 Rxf2 44. Be6 Rxf3 45. Rxf7+ Kh6 46. Bd5 Rf4 47. Kg2 Be5 48. Rxf4 Bxf4 49. Kf3 Kg5 50. Bg8 h5 51. Be6 Bd6 52. Kg2 Kh4 53. Bf7 g5 54. Kh1 g4 55. Bd5 Kg3 56. Kg1 h4 57. Kh1 h3 58. Be4 Bc5 59. Bf5 Kf4 60. Bxg4 Kxg4 61. Kh2 Bd6+ 62. Kh1 Bc5 63. Kh2 Bd6+ 64. Kh1 Bc5 1/2-1/2


[Site "https://www.chess.com"]

[Event "Titled Tuesday Blitz November 14 Early 2023"]
[White "Samarth J Rao"]
[Black "Kopylov, Alexander A."]
[WhiteFideId "46652370"]
[BlackFideId "4164857"]
[WhiteElo "2050"]
[BlackElo "2792"]
[Result "0-1"]
[Round "3"]
[TimeControl "180+1"]
[Date "2023.11.14"]
[WhiteClock "0:00:34"]
[BlackClock "0:01:33"]
[Board "170"]

1. Nf3 Nf6 2. c4 e6 3. b3 d5 4. e3 Be7 5. Bb2 O-O 6. Be2 c5 7. O-O Nc6 8. cxd5 exd5 9. d4 cxd4 10. Nxd4 Re8 11. Nc3 Ne5 12. Rc1 a6 13. Nf3 Nc6 14. Na4 Bg4 15. h3 Bh5 16. Nd4 Bxe2 17. Nxe2 Ne4 18. Nf4 d4 19. Bxd4 Nxd4 20. Qxd4 Qxd4 21. exd4 Bg5 22. g3 Bxf4 23. gxf4 Rad8 24. Rfd1 g6 25. Nc5 Nd6 26. a4 Kg7 27. Kg2 Kf6 28. Kf3 Kf5 29. Re1 h6 30. Re5+ Kf6 31. Rce1 Rg8 32. Re7 b6 33. Nd7+ Kg7 34. Ne5 Rgf8 35. Rd7 Nf5 36. Rd1 Rxd7 37. Nxd7 Rc8 38. Rd3 b5 39. Nc5 bxa4 40. bxa4 Nxd4+ 41. Rxd4 Rxc5 42. Ke4 Rc2 43. Rd6 Rxf2 44. Rxa6 Rh2 45. f5 g5 46. f6+ Kg6 47. Ra8 Rxh3 48. Ke5 Re3+ 49. Kd4 Ra3 50. a5 Kxf6 51. a6 h5 52. a7 h4 53. Ke4 h3 54. Rh8 Rxa7 55. Rxh3 Kg6 56. Rb3 f5+ 57. Kf3 g4+ 58. Kf4 Ra4+ 59. Kg3 Kg5 60. Rc3 f4+ 61. Kg2 Ra2+ 62. Kg1 g3 63. Rc8 Kg4 64. Rc3 f3 65. Rc4+ Kh3 66. Rc1 Rg2+ 67. Kh1 Rh2+ 68. Kg1 f2+ 69. Kf1 Rh1+ 0-1


[Site "https://www.chess.com"]

[Event "Titled Tuesday Blitz November 14 Early 2023"]
[White "Martin Duque, Jesus"]
[Black "aghasiyevkamal"]
[WhiteFideId "2208954"]
[WhiteElo "2395"]
[BlackElo "2572"]
[Result "0-1"]
[Round "3"]
[TimeControl "180+1"]
[Date "2023.11.14"]
[WhiteClock "0:01:02"]
[BlackClock "0:00:03"]
[Board "171"]

1. Nf3 d5 2. b3 Nf6 3. Bb2 e6 4. g3 Be7 5. Bg2 O-O 6. O-O c5 7. e3 Nc6 8. Qe2 b6 9. d4 Bb7 10. Rd1 Qc7 11. dxc5 bxc5 12. c4 Ba6 13. Nc3 Rad8 14. Nb5 Qb8 15. a4 Bb7 16. Rac1 a6 17. Nc3 Ba8 18. Qc2 Na5 19. Rb1 Qxb3 20. Qxb3 Nxb3 21. cxd5 exd5 22. Ne5 c4 23. g4 Bd6 24. g5 Bxe5 25. gxf6 d4 26. fxg7 Bxg7 27. exd4 Bxg2 28. Kxg2 Bxd4 29. Ne4 Bxb2 30. Rxd8 Rxd8 31. Rxb2 f5 32. Nc3 Rd3 33. Rc2 Nd4 34. Rc1 f4 35. Nd5 f3+ 36. Kh3 Ne2 37. Nf6+ Kf7 38. Rxc4 Kxf6 39. Rc6+ Kg5 40. Rxa6 h5 41. Ra8 Nf4+ 42. Kg3 h4# 0-1


[Site "https://www.chess.com"]

[Event "Titled Tuesday Blitz November 14 Early 2023"]
[White "Matveeva, Olga"]
[Black "Pham, Le Thao Nguyen"]
[WhiteFideId "24107018"]
[BlackFideId "12401226"]
[WhiteElo "2378"]
[BlackElo "2545"]
[Result "0-1"]
[Round "3"]
[TimeControl "180+1"]
[Date "2023.11.14"]
[WhiteClock "0:00:10"]
[BlackClock "0:00:04"]
[Board "172"]

1. d4 Nf6 2. c4 c6 3. Nf3 d5 4. Qb3 g6 5. cxd5 cxd5 6. Nc3 Nc6 7. Bf4 a6 8. e3 Bg7 9. Bd3 O-O 10. O-O b5 11. Rac1 Bb7 12. h3 Rc8 13. Ne5 Na5 14. Qd1 Nd7 15. b3 Nxe5 16. Bxe5 Bxe5 17. dxe5 d4 18. exd4 Qxd4 19. Bb1 Qxe5 20. Re1 Qg5 21. Qg4 Qxg4 22. hxg4 e6 23. Ne4 Bxe4 24. Bxe4 Rfd8 25. g5 Kg7 26. g3 h6 27. gxh6+ Kxh6 28. Kg2 Kg7 29. Kf3 f5 30. Bb1 Kf6 31. g4 Nc6 32. gxf5 gxf5 33. Ke3 Ne5 34. Red1 Ng4+ 35. Ke2 Rh8 36. Rxc8 Rxc8 37. Rd6 Rc1 38. Bd3 b4 39. Rxa6 Rh1 40. Bc4 Rh2 41. Rxe6+ Kg5 42. Rb6 Rxf2+ 43. Ke1 Rxa2 44. Rxb4 Ne3 45. Rb8 f4 46. Rg8+ Kf6 47. Rf8+ Ke5 48. Re8+ Kd4 49. Bf7 f3 50. Bh5 Re2# 0-1


[Site "https://www.chess.com"]